 Dungeon Crawl Stone Soup version 0.26-a0-720-g2a1d101370 (console) character file.

Game seed: 10078964523438978447

8799 om the Protected (level 11, 0/84 HPs)
             Began as a Minotaur Monk on Nov 3, 2020.
             Was a High Priest of Zin.
             Killed from afar by an electric eel (1 damage)
             ... with a bolt of electricity
             ... on level 10 of the Dungeon.
             The game lasted 00:23:01 (12645 turns).

om the Protected (Minotaur Monk)                   Turns: 12645, Time: 00:23:02

Health: 0/84       AC: 18    Str: 19    XL:     11   Next: 14%
Magic:  17/17      EV:  7    Int:  7    God:    Zin [*****.]
Gold:   460        SH: 10    Dex: 13    Spells: 10/10 levels left

rFire    . . .     SeeInvis .   y - +0 broad axe (elec)
rCold    . . .     Faith    +   B - +0 kite shield
rNeg     . . .     Spirit   .   q - +1 plate armour
rPois    .         Reflect  .   (helmet restricted)
rElec    .         Harm     .   v - +0 cloak
rCorr    .         Rampage  .   (no gloves)
MR       .....                  (no boots)
Stlth    ..........             A - amulet of faith
HPRegen  0.24/turn              (no ring)
MPRegen  0.15/turn              l - ring of stealth

@: about to teleport
A: retaliatory headbutt, horns 2
a: Recite, Vitalisation, Imprison, Sanctuary, Donate Gold, Renounce Religion


You were on level 10 of the Dungeon.
You worshipped Zin.
Zin was extremely pleased with you.
You visited 1 branch of the dungeon, and saw 10 of its levels.
You also visited: Sewer.

You collected 511 gold pieces.
You donated 51 gold pieces to Zin.

Inventory:

Hand Weapons
 y - a +0 broad axe of electrocution (weapon)
Armour
 b - a +0 robe
 h - a +0 troll leather armour {Purgy}
 q - a +1 plate armour (worn)
 v - a +0 cloak (worn)
 B - a +0 kite shield (worn)
Jewellery
 g - an uncursed ring of magical power
 l - a ring of stealth (right hand)
 p - an uncursed ring of ice
 A - an amulet of faith (around neck)
 C - an uncursed amulet of guardian spirit {unknown}
Wands
 z - a wand of enslavement (5)
Scrolls
 a - a scroll of fog
 f - 2 scrolls of enchant armour
 k - 2 scrolls of amnesia
 n - 2 scrolls of teleportation
 r - 4 scrolls of enchant weapon
 x - a scroll of immolation
 D - 4 scrolls of remove curse
 E - a scroll of magic mapping
Potions
 c - 2 potions of curing
 d - a potion of resistance {unknown}
 e - a potion of degeneration {unknown}
 i - a potion of might {unknown}
 j - 2 potions of invisibility {unknown}
 m - 2 potions of haste
 o - 2 potions of lignification {unknown}
 s - 4 potions of flight
 t - a potion of ambrosia {unknown}
 u - a potion of stabbing {unknown}
 w - a potion of brilliance {unknown}


   Skills:
 - Level 4.0 Fighting
 - Level 10.0 Axes
 + Level 12.1 Armour
 - Level 5.0 Dodging
 - Level 2.0 Stealth
 - Level 5.0 Shields
 - Level 10.0 Invocations


You had 10 spell levels left.
You didn't know any spells.
Your spell library contained the following spells:

 Spells                   Type           Power        Failure   Level
 Animate Skeleton         Necr           #.....       100%        1
 Apportation              Tloc           #.....       100%        1
 Corona                   Hex            #......      100%        1
 Summon Small Mammal      Summ           #...         100%        1
 Confusing Touch          Hex            #.......     100%        3
 Gell's Gravitas          Tloc           #.........   100%        3
 Petrify                  Tmut/Erth      #.......     100%        4
 Bolt of Magma            Conj/Fire/Erth #.........   100%        5
 Iskenderun's Battlesphe  Conj           #.......     100%        5
 Metabolic Englaciation   Hex/Ice        #.........   100%        5
 Yara's Violent Unravell  Hex/Tmut       #.........   100%        5
 Iron Shot                Conj/Erth      #.........   100%        6
 Orb of Destruction       Conj           #.........   100%        7
 Spellforged Servitor     Conj/Summ      #.........   100%        7


Dungeon Overview and Level Annotations

Branches:
Dungeon (10/15)            Temple (0/1) D:7            Lair (0/6) D:9
  Sewer (visited)
    Orc: D:9-12

Altars:
Nemelex Xobeh
Sif Muna
Uskayaw
Zin

Shops:
D:5 **   D:9 *


Innate Abilities, Weirdness & Mutations

You reflexively headbutt those who attack you in melee.
You have a pair of horns on your head.


Message History

Your headbutt misses the electric eel.
The electric eel is heavily wounded.
You closely miss the electric eel.
The electric eel shoots out a bolt of lightning at you!
The bolt of electricity hits you! Zin protects you from harm!
The electric eel shoots out a bolt of lightning at you!
The bolt of electricity hits you! Zin protects you from harm!
The electric eel shoots out a bolt of lightning at you!
The bolt of electricity hits you.
* * * LOW HITPOINT WARNING * * *
The electric eel shoots out a bolt of lightning at you!
The bolt of electricity hits the electric eel.
The electric eel completely resists.
The bolt of electricity hits you but does no damage.
The electric eel shoots out a bolt of lightning at you!
The bolt of electricity hits the electric eel.
The electric eel completely resists.
The bolt of electricity hits you.
You die...

#####.##### ##.#
#.........# #####.##
#.........# #.......
###.........# #.......
............# #.......
.##.........####.......
. #...............(....
..##.........####.[.....
.....##..##### ########
P........###### #...
P≈≈.≈..@......#######.#.
≈;≈≈≈;;;.≈..............
;≈≈≈≈≈≈≈≈≈≈≈≈≈.≈≈P.W.≈..
P≈≈≈≈≈≈;≈≈≈≈≈≈≈≈≈≈≈≈≈.[.
≈≈≈≈≈≈≈≈≈≈≈≈≈≈≈≈≈≈≈≈≈≈≈≈
.P≈P≈P≈≈≈≈≈≈≈≈P≈≈≈≈≈≈≈≈≈
.≈≈.P≈.≈≈≈≈P.≈.P≈≈≈≈≈≈≈≈
......≈≈≈.......≈..≈....
....$....... ..##.#.....
. #.+.....


You could see 6 electric eels.

Vanquished Creatures
  3 two-headed ogres
  An unseen horror (D:10)
  Psyche (D:9)
  Joseph (D:7)
  A polar bear (shapeshifter) (D:8)
  Grinder (D:6)
  4 yaks (D:9)
  A wraith (D:10)
  A wyvern (D:8)
  A water moccasin (D:7)
  2 wargs
  A soldier ant (D:10)
  Purgy (Sewer)
  2 ice beasts
  2 orc warriors (D:9)
  A necrophage (D:8)
  2 phantoms
  A black bear (D:7)
  4 sky beasts
  4 ogres
  2 centaurs (D:8)
  A big kobold (D:8)
  4 bullfrogs (D:8)
  2 gnoll sergeants
  A water moccasin zombie (D:8)
  5 howler monkeys
  3 jellies
  A centaur zombie (D:9)
  A bullfrog skeleton (D:5)
  2 gnoll shamans (D:3)
  10 hounds
  7 orc priests
  4 iguanas
  6 orc wizards
  A worker ant (D:4)
  A hound skeleton (D:8)
  42 gnolls
  A howler monkey skeleton (D:4)
  9 adders
  2 shadow imps
  2 ufetubi
  2 adder skeletons
  2 worms
  3 dart slugs (D:1)
  7 leopard geckos
  19 orcs
  8 giant cockroaches
  4 goblins
  10 hobgoblins
  38 jackals
  2 quokkas
  2 bats
  4 frilled lizards
  A jackal skeleton (D:4)
  12 kobolds
  8 rats
264 creatures vanquished.

Vanquished Creatures (others)
  3 plants
3 creatures vanquished.

Grand Total: 267 creatures vanquished

Notes
Turn   | Place    | Note
-------+----------+-------------------------------------------
     0 | D:1      | om the Minotaur Monk began the quest for the Orb.
     0 | D:1      | Reached XP level 1. HP: 19/19 MP: 0/0
   301 | D:1      | Reached XP level 2. HP: 23/27 MP: 1/1
   561 | D:1      | Reached skill level 1 in Armour
   941 | D:2      | Reached XP level 3. HP: 30/33 MP: 2/2
  1288 | D:2      | Found a glowing silver altar of Zin.
  1326 | D:2      | Found a faded altar of an unknown god.
  1362 | D:2      | Became a worshipper of Zin the Law-Giver
  1362 | D:2      | Reached * piety under Zin
  1362 | D:2      | Reached ** piety under Zin
  1694 | D:2      | Found a sparkling altar of Nemelex Xobeh.
  2411 | D:3      | Reached XP level 4. HP: 35/40 MP: 3/3
  2524 | D:3      | Reached skill level 1 in Invocations
  2554 | D:3      | Reached skill level 5 in Axes
  2561 | D:3      | Reached skill level 2 in Armour
  2561 | D:3      | Reached XP level 5. HP: 12/46 MP: 5/5
  3243 | D:3      | Reached *** piety under Zin
  3266 | D:3      | Reached XP level 6. HP: 33/52 MP: 5/7
  3427 | D:3      | Reached skill level 3 in Armour
  3475 | D:3      | HP: 1/52 [gnoll shaman/+0 whip (2)]
  3532 | D:3      | Reached XP level 7. HP: 37/59 MP: 8/8
  5252 | D:5      | Entered Level 5 of the Dungeon
  5252 | D:5      | Found Mealeh's Assorted Antiques.
  5275 | D:5      | Found Etuu's Assorted Antiques.
  5926 | D:6      | Reached **** piety under Zin
  5970 | D:6      | Reached skill level 4 in Armour
  5970 | D:6      | Reached skill level 5 in Dodging
  5971 | D:6      | Reached skill level 5 in Invocations
  6076 | D:6      | Found a glowing drain.
  6086 | Sewer    | Entered a sewer
  6228 | Sewer    | Reached XP level 8. HP: 64/66 MP: 10/10
  6278 | Sewer    | Noticed Purgy
  6286 | Sewer    | Killed Purgy
  6497 | D:6      | Noticed Grinder
  6505 | D:6      | Paralysed by Grinder for 7 turns
  6523 | D:6      | Killed Grinder
  6523 | D:6      | Reached skill level 5 in Armour
  7082 | D:6      | Found a shimmering blue altar of Sif Muna.
  7197 | D:7      | Reached ***** piety under Zin
  7251 | D:7      | Reached skill level 1 in Shields
  7391 | D:7      | Found a staircase to the Ecumenical Temple.
  7733 | D:7      | Noticed a +0 hand axe
  7734 | D:7      | Noticed a +0 hand axe
  7736 | D:7      | Found a hide-covered altar of Uskayaw.
  7738 | D:7      | Noticed Joseph
  7760 | D:7      | Killed Joseph
  7760 | D:7      | Reached skill level 6 in Armour
  7760 | D:7      | Reached XP level 9. HP: 54/71 MP: 12/12
  8520 | D:8      | Reached skill level 7 in Armour
  8636 | D:8      | Reached skill level 5 in Shields
  8742 | D:8      | Noticed a two-headed ogre
  8760 | D:8      | Killed a two-headed ogre
  8760 | D:8      | Reached skill level 10 in Axes
  8877 | D:8      | Reached skill level 8 in Armour
  9105 | D:8      | Noticed a two-headed ogre
  9114 | D:8      | Killed a two-headed ogre
  9114 | D:8      | Reached XP level 10. HP: 59/78 MP: 13/15
  9147 | D:8      | Identified a scroll of acquirement
  9147 | D:8      | Acquired a +0 broad axe of electrocution
  9282 | D:8      | Noticed a guardian serpent
  9303 | D:8      | a guardian serpent changed into a polar bear
  9614 | D:8      | Reached skill level 9 in Armour
  9895 | D:9      | Noticed Psyche
  9900 | D:9      | Killed Psyche
  9988 | D:9      | Found a staircase to the Lair.
  9996 | D:9      | Reached skill level 10 in Invocations
 10391 | D:9      | Reached skill level 10 in Armour
 10519 | D:9      | Found a hide-covered altar of Uskayaw.
 10567 | D:9      | Found Daihij's Lightly-Used Armoury.
 10992 | D:9      | Reached skill level 11 in Armour
 11073 | D:9      | Noticed a two-headed ogre
 11080 | D:9      | Killed a two-headed ogre
 11080 | D:9      | Reached XP level 11. HP: 57/84 MP: 17/17
 11520 | D:10     | Entered Level 10 of the Dungeon
 11581 | D:10     | Killed an unseen horror
 11895 | D:10     | Reached skill level 12 in Armour
 12644 | D:10     | HP: 4/84 [electric eel/bolt of electricity (9)]
 12644 | D:10     | Zin protects you from harm!
 12645 | D:10     | Zin protects you from harm!
 12645 | D:10     | Zin protects you from harm!
 12645 | D:10     | HP: 1/84 [electric eel/bolt of electricity (3)]
 12645 | D:10     | Killed from afar by an electric eel

Illustrated notes

Levels and vault maps discovered:
D:1:      dpeg_arrival_leaves_temple_mockup, layout_basic
D:2:      layout_basic, lemuel_doored_altar, nemelex_altar_shiori,
          chequers_ecumenical_altar_twisty
D:3:      lemuel_castle_with_subvaults [lemuel_castle_interior_carwin_3],
          layout_loops_ring, minmay_misc_feat_plants, supply_closet_lemuel,
          kennysheep_generic_room_12
D:4:      layout_basic, nrook_mini_vaults
D:5:      layout_loops_ring, serial_shops, shop, nicolae_shop_waterfront
D:6:      layout_gridville, led_sif_pool, gup_sewer_entry_bubbles, uniq_grinder
D:7:      layout_loops_ring, dancing_weapons_uskayaw, minmay_temple_entry_grid,
          amethyst_killhole, uniq_joseph
D:8:      minmay_chambers_of_fours, layout_loops_corners,
          kennysheep_generic_room_6
D:9:      layout_stronghold, erik_lair_orcish_takeover, basic_altar,
          enter_bailey_6, grunt_ministairs_6, minmay_shop_damaged, uniq_psyche
D:10:     layout_roguey, chequers_big_river

Skill      XL: |  1  2  3  4  5  6  7  8  9 10 11 |
---------------+----------------------------------+-----
Axes           | 4 5 6 7 9 10 | 10.0
Armour         | 1 2 3 4 6 8 11 12 | 12.1
Fighting       | 4 |  4.0
Stealth        | 2 |  2.0
Invocations    | 1 2 3 5 6 8 10 | 10.0
Dodging        | 4 5 |  5.0
Shields        | 3 5 |  5.0

Action                   |  1- 3 |  4- 6 |  7- 9 | 10-12 || total
-------------------------+-------+-------+-------+-------++-------
Melee: Hand axe          |   103 |   116 |   345 |    12 ||   576
       Headbutt          |    11 |    17 |    52 |    42 ||   122
       Broad axe         |       |       |       |   187 ||   187
Invok: Recite            |     1 |     9 |    11 |     8 ||    29
  Use: Potion            |       |     2 |       |     3 ||     5
       Scroll            |       |       |    14 |     4 ||    18
 Stab: Sleeping          |     5 |       |       |       ||     5
       Confused          |       |       |     1 |     5 ||     6
       Invisible         |       |       |     1 |     1 ||     2
       Paralysed         |       |       |       |     1 ||     1
Armor: Robe              |     7 |       |       |       ||     7
       Plate armour      |    24 |    77 |   155 |   156 ||   412
Dodge: Dodged            |    46 |    31 |    85 |    61 ||   223
Block: Kite shield       |       |       |    64 |   117 ||   181

Table legend: (Time is in decaauts)
 A = Elapsed time spent in this place.
 B = Non-inter-level travel time spent in this place.
 C = Inter-level travel time spent in this place.
 D = Time resting spent in this place.
 E = Time spent auto-exploring this place.
 F = Levels seen in this place.
 G = Mean time per level.
                   A        B        C        D        E       F      G
               +--------+--------+--------+--------+--------+-----+--------+
         Total |  12700 |  12184 |    516 |   2879 |   7247 |  11 | 1154.5 |
       Dungeon |  12412 |  11896 |    516 |   2879 |   7038 |  10 | 1241.2 |
         Sewer |    288 |    288 |      0 |      0 |    209 |   1 |  288.0 |
               +--------+--------+--------+--------+--------+-----+--------+

Top non-repeatable levels by time:
     D:3: 2098 daAuts
     D:8: 1942 daAuts
     D:9: 1478 daAuts
     D:2: 1308 daAuts
    D:10: 1131 daAuts
     D:4: 981 daAuts
     D:7: 978 daAuts
     D:6: 953 daAuts
     D:1: 881 daAuts
     D:5: 657 daAuts
   Sewer: 288 daAuts
